 Dungeon Crawl Stone Soup version 0.30-a0-533-g4794bfbd1c (webtiles) character file.

Game seed: 3767693156661739724

464 Decritt the Trooper (level 7, -1/53 HPs)
             Began as a Djinni Hedge Wizard on Dec 24, 2022.
             Slain by an ogre
             ... wielding a +0 giant club
              (24 damage)
             ... on level 5 of the Dungeon.
             The game lasted 00:10:26 (4123 turns).

Decritt the Trooper (Djinni Hedge Wizard)           Turns: 4123, Time: 00:10:26

Health: -1/53      AC:  4    Str: 13    XL:     7   Next: 29%
Gold:   61         EV: 12    Int: 17    God:
                   SH:  0    Dex: 13

rFire   + + +      SeeInvis .    s - +9 hand axe of Poverty {venom, rF+ Will- Str+4 Stlth+}
rCold   x . .      Faith    .    (no shield)
rNeg    . . .      Spirit   .    b - +0 robe
rPois   ∞          Reflect  .    c - +0 hat
rElec   .          Harm     .    y - +0 cloak
rCorr   .          Rampage  .    x - +0 pair of gloves
Will    .....                    (boots unavailable)
Stlth   +++                      g - amulet of the acrobat
HPRegen 0.28/turn                (no ring)
MPRegen 0.00/turn                (no ring)

@: flying
A: sickness immunity, fire resistance 2, cold vulnerability 1, float, innate
caster, HP casting, extra vitality 1
a: no special abilities


You were on level 5 of the Dungeon.
You visited 1 branch of the dungeon, and saw 5 of its levels.

You collected 250 gold pieces.
You spent 189 gold pieces at shops.

Inventory:

Hand Weapons
 a - a +0 dagger
 s - the +9 hand axe of Poverty (weapon) {venom, rF+ Will- Str+4 Stlth+}
   (You found it on level 2 of the Dungeon)

   It poisons the flesh of those it strikes.
   Str:       It affects your strength (+4).
   rF:        It protects you from fire.
   Will:      It decreases your willpower.
   Stlth:     It makes you more stealthy.
Armour
 b - a +0 robe (worn)
 c - a +0 hat (worn)
 x - a +0 pair of gloves (worn)
 y - a +0 cloak (worn)
Jewellery
 g - an amulet of the acrobat (around neck)
 o - a ring of resist corrosion
Wands
 t - a wand of quicksilver (11)
Scrolls
 i - a scroll of enchant weapon {unknown}
 j - a scroll of acquirement {unknown}
 k - 2 scrolls of immolation
 l - a scroll of fear {unknown}
 m - 2 scrolls of teleportation
 n - 2 scrolls of blinking
 w - a scroll of enchant armour {unknown}
Potions
 e - a potion of lignification {unknown}
 h - 2 potions of brilliance {unknown}
 q - 5 potions of curing
 u - 2 potions of resistance


   Skills:
 * Level 4.8 Fighting
 - Level 2.1 Dodging
 - Level 1.5 Stealth
 * Level 4.5 Spellcasting


You couldn't memorise any spells.
You knew the following spells:

 Your Spells              Type           Power      Damage    Failure   Level
a - Magic Dart            Conj           76%        1d6       2%          1
b - Slow                  Hex            76%        N/A       2%          1
c - Mephitic Cloud        Conj/Pois/Air  19%        N/A       7%          3
d - Call Canine Familiar  Summ           19%        N/A       7%          3
e - Blink                 Tloc           38%        N/A       3%          2
f - Cigotuvi's Dreadful   Necr/Pois/Air  38%        N/A       3%          2
g - Apportation           Tloc           38%        N/A       2%          1
h - Momentum Strike       Conj/Tloc      38%        3d9       3%          2
i - Call Imp              Summ           19%        N/A       3%          2
Your spell library was empty.

Dungeon Overview and Level Annotations

Branches:
Dungeon (5/15)
 Temple: D:4-7

Altars:
Ashenzari
Elyvilon
Gozag
Yredelemnul

Shops:
D:4 =?*:


Innate Abilities, Weirdness & Mutations

You are immune to sickness and miasma.
You are immune to poison.
Your flesh is very heat resistant. (rF++)
You are vulnerable to cold. (rC-)
You float through the air rather than walking.
You learn spells naturally, not from books.
Your magical power is your life essence.
You have superior vitality. (+4 MHP)


Message History

Your surroundings suddenly seem different.
You drop a potion of magic.
You drop 3 potions of degeneration.
You drop 3 scrolls of amnesia.
You drop 3 potions of flight.
A scorpion, an ufetubus and an ogre come into view.
The magic dart hits the scorpion.
The scorpion is lightly wounded.
The ufetubus shouts!
Casting: Magic Dart (safe; 2% risk of failure)
Confirm with . or Enter, or press ? or * to list all spells.
Your hound closely misses the scorpion.
Your hound bites the scorpion but does no damage.
The magic dart hits the scorpion.
The scorpion is moderately wounded.
Your hound barely misses the ufetubus.
You slash the scorpion!
The scorpion looks as sick as possible!
The scorpion is almost dead.
You kill the scorpion!
Your hound bites the ogre.
The ogre misses your hound. The ufetubus hits you.
The ufetubus barely misses you.
Your hound barely misses the ogre.
You hit the ufetubus.
The ufetubus is severely wounded.
The ufetubus hits you. The ufetubus closely misses you.
Your hound bites the ogre.
The ogre hits your hound with a +0 giant club!!
Your hound dies!
Your hound's corpse disappears in a puff of smoke!
The ufetubus hits you but does no damage.
The ufetubus hits you.
You hit the ufetubus.
You kill the ufetubus!
You hit the ogre.
The ogre is severely wounded.
The ogre hits you with a +0 giant club!!
* * * LOW HITPOINT WARNING * * *
You slash the ogre!
The ogre is almost dead.
The ogre hits you with a +0 giant club!!
You die...

..##### ...#.....# #
......##### ..#..#..##.#
............. ....#.#..
##...........#. .......
..........).... #..!.#
)#............. #....####
..........[...###.......#
...<>.....#...##O.#.......
...>.....###....@...####..
.......##.......###.#
.......##.##...## .#
.......#..#...## .#
......<#.#....# ##
............÷##
........##!..#
#####..###..[# #### #..[#


You could see an ogre.

Vanquished Creatures
  A phantom (D:5)
  A scorpion (D:5)
  A necrophage (D:5)
  An orc priest (D:4)
  2 orc wizards
  7 adders
  An ufetubus (D:5)
  2 worms (D:4)
  2 dart slugs
  6 orcs
  8 ball pythons
  2 bats (D:1)
  5 endoplasms
  3 giant cockroaches
  3 goblins
  5 hobgoblins
  2 jackals (D:5)
  3 quokkas
  2 frilled lizards
  2 kobolds (D:3)
  5 rats
64 creatures vanquished.

Vanquished Creatures (collateral kills)
  An orc wizard (D:4)
  An adder (D:4)
  5 orcs
  An endoplasm (D:4)
8 creatures vanquished.

Vanquished Creatures (others)
  9 plants (D:4)
9 creatures vanquished.

Grand Total: 81 creatures vanquished

Notes
Turn   | Place    | Note
-------+----------+-------------------------------------------
     0 | D:1      | Decritt the Djinni Hedge Wizard began the quest for the
                  | Orb.
     0 | D:1      | Decritt set off with the following spells memorised: Magic
                  | Dart, Slow, Blink, Call Imp, Cigotuvi's Dreadful Rot,
                  | Mephitic Cloud.
     0 | D:1      | Reached XP level 1. HP: 15/15 MP: 0/0
   144 | D:1      | Reached XP level 2. HP: 21/22 MP: 0/0
   163 | D:1      | Reached skill level 1 in Fighting
  1174 | D:2      | Reached XP level 3. HP: 25/27 MP: 0/0
  1174 | D:2      | Learned a level 1 spell: Apportation
  1349 | D:2      | Identified the +9 hand axe of Poverty {venom, rF+ Will-
                  | Str+4 Stlth+}
  1599 | D:3      | Found an opulent altar of Gozag.
  2027 | D:3      | Found a faded altar of an unknown god.
  2031 | D:3      | Found a broken altar of Ashenzari.
  2326 | D:3      | Found a basalt altar of Yredelemnul.
  2827 | D:3      | Reached XP level 4. HP: 15/34 MP: 0/0
  2910 | D:4      | Reached XP level 5. HP: 34/40 MP: 0/0
  2910 | D:4      | Learned a level 2 spell: Momentum Strike
  2930 | D:4      | Found Miusmuch's General Store.
  2945 | D:4      | Bought 2 potions of curing for 84 gold pieces
  2954 | D:4      | Found Xiuniran's Book Boutique.
  3025 | D:4      | Found Koca's Magic Scroll Emporium.
  3369 | D:4      | Bought a scroll of blinking for 105 gold pieces
  3499 | D:4      | Reached XP level 6. HP: 44/46 MP: 0/0
  3510 | D:4      | Found Vanug's Jewellery Shop.
  3655 | D:4      | Found a white marble altar of Elyvilon.
  3778 | D:5      | Entered Level 5 of the Dungeon
  3932 | D:5      | Reached XP level 7. HP: 47/53 MP: 0/0
  3932 | D:5      | Learned a level 3 spell: Call Canine Familiar
  4123 | D:5      | Slain by an ogre

Illustrated notes

Levels and vault maps discovered:
D:1:      dpeg_arrival_ternary, layout_loops_ring, minmay_heptomino_l4
D:2:      layout_loops_cross, hangedman_abyss_or_decor_stabs
D:3:      layout_basic, nicolae_overflow_ecumenical_swirl,
          mainiacjoe_overflow_alcove_4, grunt_gozag_statues,
          minmay_fractal_squares_5
D:4:      layout_loops_ring, nicolae_elyvilon_temple_path, serial_shops,
          nicolae_lakefront_shop, shop, nicolae_shop_statue_plus,
          nicolae_take_the_stairs, kennysheep_diamond
D:5:      layout_rooms

Skill      XL: |  1  2  3  4  5  6 |
---------------+-------------------+-----
Fighting       | 1 2 3 4 |  4.8
Spellcasting   | 3 4 |  4.5
Dodging        | |  2.1
Stealth        | |  1.5

Action                   |  1- 3 |  4- 6 |  7- 9 || total
-------------------------+-------+-------+-------++-------
Melee: Hand axe          |     8 |    48 |    11 ||    67
 Cast: Magic Dart        |    79 |    46 |     4 ||   129
       Slow              |     4 |       |       ||     4
       Call Imp          |     1 |     3 |       ||     4
       Call Canine Famil |       |       |     2 ||     2
  Use: Scroll            |       |       |     6 ||     6
 Stab: Sleeping          |       |     1 |       ||     1
Armor: Robe              |     1 |     7 |     1 ||     9
Dodge: Dodged            |    19 |    35 |     6 ||    60

Table legend: (Time is in decaauts)
 A = Elapsed time spent in this place.
 B = Non-inter-level travel time spent in this place.
 C = Inter-level travel time spent in this place.
 D = Time resting spent in this place.
 E = Time spent auto-exploring this place.
 F = Levels seen in this place.
 G = Mean time per level.
                   A        B        C        D        E       F      G
               +--------+--------+--------+--------+--------+-----+--------+
         Total |   4149 |   3919 |    230 |    473 |   2882 |   5 |  829.8 |
       Dungeon |   4149 |   3919 |    230 |    473 |   2882 |   5 |  829.8 |
               +--------+--------+--------+--------+--------+-----+--------+

Top non-repeatable levels by time:
     D:3: 1394 daAuts
     D:4: 959 daAuts
     D:1: 865 daAuts
     D:2: 588 daAuts
     D:5: 342 daAuts
